 Dungeon Crawl Stone Soup version 0.29.1-12-g30fa7ad0bf (webtiles) character file.

Game seed: 14215911780414591979

2734 Gabide the Fighter (level 9, 0/77 HPs)
             Began as a Formicid Berserker on Dec 18, 2022.
             Was an Elder of Trog.
             Slain by Pikel
             ... wielding a +1 whip of electrocution
              (20 damage)
             ... on level 7 of the Dungeon.
             The game lasted 00:09:31 (7627 turns).

Gabide the Fighter (Formicid Berserker)             Turns: 7627, Time: 00:09:32

Health: 0/77       AC:  9    Str: 32    XL:     9   Next: 99%
Magic:  9/9        EV: 11    Int:  7    God:    Trog [****..]
Gold:   286        SH:  0    Dex: 13    Spells: 8/8 levels left

rFire   . . .      SeeInvis +   w - +0 giant spiked club
rCold   . . .      Faith    .   (shield currently unavailable)
rNeg    . . .      Spirit   .   B - +0 chain mail
rPois   .          Reflect  .   (helmet unavailable)
rElec   .          Harm     .   v - scarf {repulsion}
rCorr   .          Rampage  .   (no gloves)
Will    +++..                   d - +0 pair of boots
Stlth   ..........              (no amulet)
HPRegen 1.22/turn               s - +6 ring of strength
MPRegen 0.11/turn               a - ring of willpower

@: strong-willed, regenerating, invisible, repel missiles
A: permanent stasis, dig shafts and tunnels, antennae 3, four strong arms
a: Dig, Shaft Self, Renounce Religion, Trog's Hand, Brothers in Arms


You were on level 7 of the Dungeon.
You worshipped Trog.
Trog was greatly pleased with you.
You visited 1 branch of the dungeon, and saw 7 of its levels.

You collected 286 gold pieces.

Inventory:

Hand Weapons
 w - a +0 giant spiked club (weapon)
 x - a +1 flail of protection
 y - a +3 flail of holy wrath
Missiles
 b - 4 boomerangs (quivered)
 t - 2 atropa-tipped darts
Armour
 d - a +0 pair of boots (worn)
 v - a scarf of repulsion (worn)
 B - a +0 chain mail (worn)
Jewellery
 a - a ring of willpower (right hand)
 s - a +6 ring of strength (left hand)
 A - an amulet of magic regeneration
Scrolls
 c - a scroll of summoning {unknown}
 f - 2 scrolls of poison {unknown}
 g - a scroll of blinking {unknown}
 j - 2 scrolls of fog
 k - 2 scrolls of immolation
 l - a scroll of torment
 m - 4 scrolls of vulnerability
 o - 2 scrolls of amnesia {unknown}
 p - 2 scrolls of teleportation {unknown}
 D - a scroll of enchant armour {unknown}
Potions
 e - a potion of berserk rage {unknown}
 h - 2 potions of lignification
 n - 3 potions of attraction
 q - a potion of invisibility
 r - 2 potions of degeneration {unknown}
 u - a potion of flight {unknown}
 z - 2 potions of resistance
 C - 2 potions of curing


   Skills:
 * Level 9.6 Fighting
 * Level 8.8 Maces & Flails
 - Level 2.1 Armour
 + Level 5.4 Dodging


You had 8 spell levels left.
You didn't know any spells.
Your spell library was empty.

Dungeon Overview and Level Annotations

Branches:
Dungeon (7/15)             Temple (0/1) D:6

Altars:
Ashenzari
Hepliaklqana
Kikubaaqudgha
Qazlal
Wu Jian
Xom

Annotations:
D:7 1 transporter, Pikel


Innate Abilities, Weirdness & Mutations

You cannot be hasted, slowed, berserked, paralysed or teleported.
You can dig through walls and to a lower floor.
You have a pair of large antennae on your head. (SInv)
Your four strong arms can wield two-handed weapons with a shield.


Message History

Pikel hits you with a +1 whip of electrocution.
You are electrocuted!
You closely miss Pikel.
Pikel is moderately wounded.
Pikel says, "Antaeus said I was his favorite kobold.
Me!"
Pikel hits you but does no damage.
You are electrocuted!
Okay, then.
Unknown command.
Throw: 2 darts (atropa)
Press: ? - help, Shift-Dir - straight line, f - Pikel
Aim: Pikel, wielding a +1 whip of electrocution, wearing a +0 robe and carrying a wand of iceblast (2) (moderately wounded, 55% to hit, chance to blind on hit: 3%)
Okay, then.
Unknown command.
Unknown command.
Unknown command.
Your skin crawls.
You feel strong-willed.
Pikel hits you with a +1 whip of electrocution.
You are electrocuted!
You fade into invisibility!
Pikel hits you but does no damage.
You are electrocuted!
Your +1 flail of protection goes still.
w - a +0 giant spiked club (weapon)
You strike the helpless Pikel from behind!
You hit Pikel but do no damage.
Pikel is moderately wounded.
Pikel hits you with a +1 whip of electrocution.
* * * LOW HITPOINT WARNING * * *
You are electrocuted!!
* * * LOW HITPOINT WARNING * * *
The hound bites you.
* * * LOW HITPOINT WARNING * * *
Pikel hits you but does no damage.
You feel much better. The hound closely misses you. Pikel closely misses you.
You hit Pikel.
Pikel is heavily wounded.
The hound bites you but does no damage. The hound bites you.
* * * LOW HITPOINT WARNING * * *
Pikel hits you but does no damage.
You are electrocuted!!
You die...

##....# # #.....#
.# ##....## ... .
#.....(# ...#
..#......#.....
.......?:..# ####
###...55####.○...
#...5K#..#.....
..##...##@..#..#.#
......#.h..©#☼.©!.
# ........#..#..#$#
#..#.###.....#.....
...#..##.....# ☼..○
.......#.....######
##................
..................
......##..........


You could see Pikel (unable to see you), 3 lemures and a hound.

Vanquished Creatures
  Grinder (D:3)
  Prince Ribbit (D:5)
  Sigmund (D:3)
  Eustachio (D:4)
  Edmund (D:4)
  A black bear (D:6)
  An ice beast (D:6)
  2 ogres
  A centaur (D:6)
  A lemure (D:7)
  A phantom (D:4)
  3 kobold brigands
  3 bullfrogs
  A gnoll sergeant (D:5)
  2 scorpions
  5 wights (D:6)
  3 hounds
  A jelly (D:5)
  Natasha (twice) (D:2)
  4 orc wizards
  4 gnolls (D:5)
  12 adders
  A shadow imp (D:5)
  A white imp (D:5)
  A worm (D:3)
  4 dart slugs
  10 orcs
  10 ball pythons
  14 endoplasms
  5 giant cockroaches
  14 hobgoblins
  2 jackals (D:2)
  3 quokkas
  6 bats
  7 frilled lizards
  7 goblins
  21 kobolds
  7 rats
165 creatures vanquished.

Vanquished Creatures (others)
  Natasha (D:2)
  2 fungi (D:3)
  6 plants (D:3)
9 creatures vanquished.

Grand Total: 174 creatures vanquished

Notes
Turn   | Place    | Note
-------+----------+-------------------------------------------
     0 | D:1      | Gabide the Formicid Berserker began the quest for the Orb.
     0 | D:1      | Reached XP level 1. HP: 18/18 MP: 1/1
   236 | D:1      | Reached XP level 2. HP: 24/24 MP: 2/2
   406 | D:1      | Reached XP level 3. HP: 22/30 MP: 3/3
   519 | D:1      | Reached ** piety under Trog
   750 | D:1      | Reached skill level 4 in Fighting
  1220 | D:2      | Noticed Natasha
  1236 | D:2      | HP: 1/30 [white imp/puff of frost[Natasha] (8)]
  1237 | D:2      | Killed Natasha
  1238 | D:2      | Reached XP level 4. HP: 31/37 MP: 4/4
  1290 | D:2      | Noticed Natasha
  1318 | D:2      | Killed Natasha
  1577 | D:2      | Noticed Natasha
  1599 | D:2      | Killed Natasha
  1600 | D:2      | Reached XP level 5. HP: 18/43 MP: 5/5
  2654 | D:3      | Reached skill level 5 in Fighting
  2722 | D:3      | Reached XP level 6. HP: 37/51 MP: 6/6
  2820 | D:3      | Noticed Sigmund
  2831 | D:3      | Killed Sigmund
  2832 | D:3      | Reached skill level 5 in Maces & Flails
  2954 | D:3      | Found a faded altar of an unknown god.
  2980 | D:3      | Reached XP level 7. HP: 56/57 MP: 7/7
  3074 | D:3      | Found a shimmering altar of Xom.
  3076 | D:3      | Noticed Grinder
  3240 | D:3      | Killed Grinder
  3241 | D:3      | Reached skill level 6 in Fighting
  3460 | D:4      | Reached XP level 8. HP: 39/65 MP: 8/8
  3667 | D:4      | Reached *** piety under Trog
  4066 | D:4      | Noticed Eustachio
  4074 | D:4      | Killed Eustachio
  4075 | D:4      | Reached skill level 7 in Fighting
  4204 | D:4      | Noticed Edmund
  4222 | D:4      | Killed Edmund
  4614 | D:5      | Entered Level 5 of the Dungeon
  4630 | D:5      | Found a hazy altar of Hepliaklqana.
  5072 | D:5      | Found a broken altar of Ashenzari.
  5406 | D:5      | Noticed Prince Ribbit
  5437 | D:5      | Killed Prince Ribbit
  5438 | D:5      | Reached skill level 8 in Fighting
  5438 | D:5      | Reached XP level 9. HP: 29/74 MP: 9/9
  5726 | D:5      | Found an ornate altar of the Wu Jian Council.
  6281 | D:6      | Found a stormy altar of Qazlal.
  6516 | D:6      | Found an ancient bone altar of Kikubaaqudgha.
  6613 | D:6      | Reached skill level 5 in Dodging
  6692 | D:6      | Reached skill level 9 in Fighting
  6878 | D:6      | Reached **** piety under Trog
  7104 | D:6      | Found a staircase to the Ecumenical Temple.
  7584 | D:7      | Found a transporter.
  7598 | D:7      | Noticed Pikel
  7625 | D:7      | HP: 3/77 [Pikel/+1 whip of electrocution (20)]
  7627 | D:7      | Slain by Pikel

Illustrated notes

Levels and vault maps discovered:
D:1:      lightli_arrival_farm, layout_rooms, minmay_pentomino_u4
D:2:      minmay_chambers_of_ones, layout_basic, minmay_tiny_reverse_x,
          uniq_natasha
D:3:      layout_rooms, amcnicky_altar_gilded,
          shapermc_ecumenical_altar_acropolis, minmay_misc_feat_encased,
          serial_bayou_ford_a, uniq_grinder, uniq_sigmund
D:4:      layout_gridville, uniq_edmund, uniq_eustachio
D:5:      layout_basic, lemuel_crystal_altar, nicolae_hepliaklqana_hazy_memory,
          mainiacjoe_overflow_small_starburst, uniq_prince_ribbit1
D:6:      layout_loops_ring, nicolae_overflow_crystal_walls,
          mainiacjoe_overflow_24_doors, temple_statues, minmay_holes,
          kennysheep_windowed_goal
D:7:      gammafunk_cloud_chamber, layout_cave_pools, mainiacjoe_overflow_swirl,
          chequers_temple_overflow_statue_of_worship, uniq_pikel

Skill      XL: |  1  2  3  4  5  6  7  8  9 |
---------------+----------------------------+-----
Dodging        | 2 3 4 5 |  5.4
Fighting       | 4 5 6 8 9 |  9.6
Maces & Flails | 4 5 6 7 8 |  8.8
Armour         | |  2.1

Action                   |  1- 3 |  4- 6 |  7- 9 || total
-------------------------+-------+-------+-------++-------
Melee: Mace              |    94 |   165 |    35 ||   294
       Punch             |     2 |     1 |     3 ||     6
       Flail             |       |       |   229 ||   229
       Giant spiked club |       |       |    38 ||    38
Throw: Dart              |     2 |     2 |     7 ||    11
       Boomerang         |       |       |    50 ||    50
Invok: Trog's Hand       |     1 |     3 |     5 ||     9
  Use: Potion            |     1 |       |     4 ||     5
       Scroll            |       |       |     7 ||     7
 Stab: Invisible         |       |       |     1 ||     1
Armor: Animal skin       |    24 |     1 |       ||    25
       Ring mail         |       |    73 |    52 ||   125
       Chain mail        |       |       |    88 ||    88
       Scale mail        |       |       |     2 ||     2
Dodge: Dodged            |    66 |   121 |   187 ||   374
       Repelled          |       |       |     2 ||     2
